Map: [ESL] Site Delta

Players

Erik

  • Race: Zerg Zerg
  • Spawn Location: 11:00

SpeCial - Winner!

  • Race: Terran Terran
  • Spawn Location: 5:00

Event: ESL SC2 Masters 2023 Winter (Regional)

VOD

Have the link to the VOD?

Description

Time

  • Played on: Oct. 27, 2023, 1:24 p.m.
  • Length: 11:59

All games in this series

Show
View Real Time Build Order
Export as new Build Order

Erik Zerg 

Build Orders: Hatch First, Lurkers 

Get SALT Encoding   

  12  0:00  Drone  
  13  0:07  Drone  
  14  0:33  Hatchery  
  13  0:36  Drone  
  14  0:44  Overlord  
  14  0:59  Spawning Pool  
  14  1:03  Drone  
  14  1:06  Drone  
  14  1:10  Drone  
  16  1:14  Drone  
  17  1:25  Drone  
  18  1:29  Extractor  
  17  1:36  Drone  
  18  1:45  Queen x2  
  18  1:47  Drone  
  23  1:49  Drone  
  24  1:56  Drone  
  24  1:57  Drone  
  26  2:07  Drone  
  26  2:08  Overlord  
  27  2:20  Overlord  
  27  2:21  Drone  
  28  2:29  Queen  
  32  2:34  Overlord  
  32  2:38  Drone  
  32  2:39  Drone  
  32  2:41  Drone  
  33  2:50  Drone  
  35  2:51  Drone  
  35  2:55  Drone x6  
  41  3:00  Lair  
  41  3:03  Extractor  
  41  3:05  Extractor  
  39  3:15  Roach Warren  
  39  3:16  Drone  
  39  3:19  Drone, Evolution Chamber  
  39  3:20  Drone x2  
  41  3:28  Drone x2  
  41  3:30  Drone x3  
  46  3:35  Drone x2  
  46  3:36  Drone  
  49  3:50  Drone x2  
  49  3:53  Drone x2  
  50  4:00  Zerg Missile Weapons Level 1  
  48  4:05  Roach x2  
  48  4:08  Extractor, Overseer  
  51  4:11  Glial Reconstitution  
  51  4:12  Overlord x2  
  51  4:26  Extractor  
  51  4:30  Overlord  
  51  4:31  Drone x3  
  54  4:32  Drone x2  
  54  4:38  Roach x6  
  69  4:50  Hatchery  
  69  4:52  Drone x2  
  70  4:55  Extractor  
  69  5:02  Overlord  
  69  5:06  Infestation Pit  
  68  5:09  Overlord  
  68  5:20  Overlord  
  68  5:21  Drone  
  68  5:22  Drone x5  
  74  5:29  Drone  
  74  5:34  Drone  
  76  5:41  Evolution Chamber  
  75  5:43  Spore Crawler  
  75  5:44  Spore Crawler  
  75  5:45  Infestor x2  
  75  5:47  Spore Crawler  
  76  5:50  Ravager  
  76  5:51  Ravager x2  
  76  5:54  Overlord  
  76  5:56  Roach  
  81  6:02  Zerg Melee Weapons Level 1  
  81  6:03  Queen  
  83  6:04  Drone x2  
  83  6:08  Drone  
  83  6:09  Drone x3  
  83  6:11  Drone x3  
  91  6:14  Drone x2  
  94  6:25  Hive  
  94  6:28  Hydralisk Den  
  93  6:34  Roach  
  93  6:35  Roach x4  
  93  6:36  Drone  
  104  6:41  Drone  
  104  6:43  Extractor x2  
  104  6:44  Zerg Ground Armor Level 1  
  104  6:45  Overlord  
  103  6:47  Metabolic Boost  
  103  6:52  Roach  
  105  6:56  Overlord x7  
  103  7:06  Drone  
  103  7:07  Drone  
  105  7:09  Drone x2  
  107  7:17  Roach  
  107  7:18  Roach x4  
  107  7:22  Hatchery  
  116  7:27  Roach  
  116  7:28  Roach x3  
  116  7:29  Lurker Den  
  123  7:34  Hatchery  
  123  7:39  Zergling x14  
  130  7:46  Viper x2  
  134  7:57  Drone x8  
  142  8:04  Drone x2  
  138  8:21  Roach x6  
  138  8:23  Ravager x3  
  150  8:32  Hydralisk x4, Adaptive Talons  
  150  8:33  Hydralisk x2  
  154  8:47  Zergling x2  
  154  8:48  Zergling x8  
  140  8:55  Zergling x10  
  135  8:57  Lurker  
  135  8:58  Lurker x2  
  138  9:06  Zergling x10  
  138  9:08  Extractor  
  138  9:09  Extractor  
  123  9:23  Lurker  
  116  9:37  Zergling x18  
  112  9:40  Lurker  
  110  9:54  Hydralisk x2  
  110  9:57  Hatchery  
  113  10:00  Queen  
  113  10:02  Spore Crawler  
  113  10:04  Roach x4  
  113  10:17  Seismic Spines  
  113  10:21  Roach x6  
  95  10:39  Roach x5  
  95  10:44  Infestor  
  89  10:56  Roach x7  
  95  11:07  Zergling x2  
  95  11:08  Zergling x4  
  72  11:28  Hydralisk x5  
  72  11:32  Hydralisk x2  
  71  11:37  Roach x3  
  71  11:39  Extractor  
  74  11:47  Lurker x2  
Show
View Real Time Build Order
Export as new Build Order

SpeCial Terran - Winner!

Build Orders: Reaper Expand 

Get SALT Encoding   

  12  0:00  SCV  
  13  0:12  SCV  
  14  0:17  Supply Depot  
  14  0:24  SCV  
  15  0:39  SCV  
  15  0:40  Barracks  
  16  0:43  Refinery  
  16  0:51  SCV  
  17  1:03  SCV  
  18  1:15  SCV  
  19  1:28  Orbital Command, Reaper  
  20  1:40  Command Center  
  20  1:50  Supply Depot  
  20  1:54  SCV  
  21  1:59  Marine  
  22  2:06  SCV  
  23  2:09  Factory  
  23  2:18  SCV, Refinery  
  23  2:20  Barracks Reactor  
  24  2:30  SCV  
  25  2:42  SCV  
  26  2:53  Orbital Command  
  26  2:55  Starport  
  26  2:56  SCV  
  27  3:02  Hellion  
  27  3:03  Hellion  
  31  3:07  Barracks Tech Lab  
  31  3:09  SCV  
  32  3:16  Supply Depot  
  32  3:19  SCV  
  33  3:21  SCV  
  33  3:25  Marine  
  35  3:29  Stimpack  
  35  3:31  SCV  
  35  3:33  SCV  
  37  3:34  Viking  
  37  3:41  Barracks  
  39  3:44  SCV  
  40  3:49  Barracks, SCV  
  40  3:50  Marine  
  42  3:56  SCV  
  42  4:01  Factory Reactor, SCV  
  41  4:08  Starport Reactor, Marine  
  42  4:10  SCV  
  42  4:13  SCV  
  44  4:18  Command Center  
  44  4:22  SCV  
  45  4:25  Marine  
  45  4:26  SCV  
  47  4:34  SCV  
  47  4:38  SCV  
  49  4:39  Supply Depot  
  49  4:46  Marine x2  
  49  4:47  Factory Tech Lab, Marine x2  
  49  4:50  SCV  
  42  4:52  Medivac  
  54  5:00  Marine  
  54  5:01  SCV, Medivac  
  54  5:02  SCV  
  54  5:03  Supply Depot  
  54  5:04  Marine x2  
  61  5:13  SCV  
  62  5:14  Supply Depot  
  62  5:16  Marine x2  
  62  5:18  Combat Shield  
  62  5:21  Supply Depot  
  62  5:24  SCV  
  62  5:28  Marine x3  
  62  5:29  Siege Tank  
  62  5:30  Orbital Command  
  62  5:32  SCV  
  62  5:33  Marine, Refinery  
  62  5:34  Marine, Refinery  
  71  5:36  SCV  
  71  5:40  Engineering Bay  
  72  5:46  Marine x3  
  72  5:47  SCV  
  72  5:48  SCV  
  72  5:49  Engineering Bay  
  77  5:51  Marine  
  77  5:52  Marine  
  77  5:54  Orbital Command  
  79  5:59  SCV  
  79  6:00  SCV  
  79  6:01  Supply Depot  
  79  6:03  Siege Tank  
  84  6:04  Marine x3  
  84  6:09  Marine  
  84  6:10  Marine  
  84  6:11  Terran Infantry Weapons Level 1, SCV  
  90  6:18  SCV  
  90  6:19  SCV  
  90  6:20  Medivac  
  90  6:21  Medivac  
  90  6:22  Marine  
  90  6:24  Supply Depot  
  90  6:25  Terran Infantry Armor Level 1  
  97  6:26  SCV  
  97  6:27  Barracks x2  
  97  6:30  SCV  
  97  6:31  Marine  
  97  6:35  Marine  
  97  6:37  Siege Tank  
  97  6:38  SCV  
  99  6:40  SCV  
  99  6:43  SCV  
  99  6:45  Marine x3  
  104  6:48  Supply Depot  
  104  6:50  SCV  
  104  6:51  Marine  
  104  6:52  SCV  
  104  6:53  Marine  
  108  6:55  SCV  
  108  6:58  Medivac x2  
  113  7:03  SCV, Marine x3  
  113  7:04  Supply Depot  
  117  7:09  SCV, Marine  
  117  7:11  Marine  
  117  7:12  Supply Depot  
  117  7:13  Refinery  
  117  7:14  Refinery  
  120  7:17  Barracks Reactor  
  120  7:18  Barracks Reactor  
  120  7:19  SCV x2  
  120  7:20  Marine  
  120  7:21  Marine x2  
  125  7:27  Supply Depot, Marine  
  125  7:29  Siege Tank  
  129  7:30  SCV  
  129  7:31  SCV  
  129  7:36  Marine  
  132  7:38  Marine  
  132  7:39  Marauder, Marine  
  136  7:44  Armory  
  136  7:45  Marine  
  128  7:53  Command Center  
  128  7:54  Marine x2  
  128  7:56  Marine  
  128  7:57  Marine  
  132  8:00  Liberator x2  
  132  8:01  Marauder  
  132  8:02  SCV x3  
  132  8:03  Factory, Marine  
  144  8:14  SCV x2  
  144  8:17  Marine x2  
  144  8:18  Marine x2  
  145  8:21  Marine x2  
  145  8:22  Marauder  
  149  8:27  Marine  
  149  8:32  Marine  
  149  8:33  Terran Infantry Weapons Level 2  
  149  8:35  Terran Infantry Armor Level 2  
  149  8:38  Marine x3  
  145  8:42  Marine  
  145  8:44  Marauder, Supply Depot  
  145  8:45  Supply Depot  
  134  8:49  Marine  
  134  8:52  Siege Tank, Factory Tech Lab  
  134  8:53  SCV  
  134  8:54  SCV  
  132  8:57  Marine x4  
  133  9:05  Marauder  
  133  9:07  Marine  
  133  9:08  Marine x2  
  132  9:10  SCV x3  
  132  9:15  Medivac x2  
  132  9:16  Marine x4  
  132  9:17  Marine  
  144  9:24  Siege Tank  
  144  9:25  Marine x3  
  144  9:26  Marauder  
  144  9:27  Siege Tank  
  155  9:34  Marine x4  
  136  9:39  Marine  
  136  9:43  Marine x2  
  136  9:44  Planetary Fortress  
  131  9:45  Medivac x2  
  131  9:47  Marine  
  131  9:48  Marauder  
  131  9:52  Marine x3  
  141  9:54  Missile Turret  
  141  9:58  Marine x2  
  143  10:01  Siege Tank, Marine x2  
  143  10:05  Marine  
  143  10:06  Missile Turret  
  149  10:09  Marauder  
  149  10:12  Marine x2  
  151  10:18  Siege Tank, Liberator x2, Marine  
  158  10:23  Marine x2  
  158  10:28  Marine  
  158  10:31  Marauder  
  158  10:33  Siege Tank  
  161  10:37  Marine  
  160  10:44  Marine  
  157  10:50  Siege Tank  
  157  10:52  Marauder  
  157  10:54  Armory  
  155  11:00  Marine x5  
  155  11:04  Medivac x2  
  155  11:05  Siege Tank  
  162  11:13  Marauder  
  162  11:14  Barracks  
  162  11:15  Barracks x2  
  163  11:20  Marine  
  163  11:22  Siege Tank, Marine x4  
  163  11:23  Marine  
  160  11:26  Marine  
  160  11:32  SCV  
  152  11:34  Marine  
  152  11:35  Marauder  
  152  11:36  Sensor Tower  
  152  11:39  Refinery  
  157  11:40  Marine, Refinery  
  157  11:41  Command Center  
Tags
 
Add a new tag
Caveats
  • Supply blocks, unpowered buildings, or Contaminate may cause inaccurate times.
  • Supply counts are checked every 10 seconds.